 Dungeon Crawl Stone Soup version 0.30-a0-364-gf6b3ef1049 (webtiles) character file.

Game seed: 16335941170504107121

221 retardedninja the Trooper (level 5, 0/70 HPs)
             Began as a Hill Orc Fighter on Nov 15, 2022.
             Slain by a hornet zombie (6 damage)
             ... in an ossuary.
             The game lasted 00:04:16 (2675 turns).

retardedninja the Trooper (Hill Orc Fighter)        Turns: 2675, Time: 00:04:16

Health: 0/70       AC:  8    Str: 21    XL:     5   Next: 98%
Magic:  5/5        EV:  9    Int:  8    God:
Gold:   89         SH:  4    Dex: 10    Spells: 4/4 levels left

rFire   . . .      SeeInvis .    a - +0 war axe
rCold   . . .      Faith    .    c - +0 buckler
rNeg    . . .      Spirit   .    b - +0 scale mail
rPois   .          Reflect  .    (no helmet)
rElec   .          Harm     .    (no cloak)
rCorr   .          Rampage  .    d - +0 pair of gloves
Will    .....                    (no boots)
Stlth   ..........               (no amulet)
HPRegen 0.31/turn                (no ring)
MPRegen 0.09/turn                (no ring)

@: berserking, hasted, very quick
A: no striking features
a: no special abilities


You were in an ossuary.
You visited 1 branch of the dungeon, and saw 4 of its levels.
You also visited: Ossuary.

You collected 89 gold pieces.

Inventory:

Hand Weapons
 a - a +0 war axe (weapon)
Armour
 b - a +0 scale mail (worn)
 c - a +0 buckler (worn)
 d - a +0 pair of gloves (worn)
Scrolls
 e - a scroll of poison
 g - a scroll of magic mapping {unknown}
 h - a scroll of fear
 j - a scroll of vulnerability
 m - 2 scrolls of fog {unknown}
 p - a scroll of enchant armour {unknown}
 q - a scroll of noise {unknown}
 s - 2 scrolls of teleportation {unknown}
 t - 2 scrolls of blinking
Potions
 i - a potion of haste
 l - 2 potions of mutation
 n - a potion of curing
 r - a potion of flight {unknown}


   Skills:
 + Level 4.9 Fighting
 + Level 4.5 Axes
 + Level 4.5 Armour
 + Level 4.5 Shields


You had 4 spell levels left.
You didn't know any spells.
Your spell library contained the following spells:

 Spells                   Type           Power      Damage    Failure   Level
 Necrotise                Necr           0%         1d4       83%         1
 Slow                     Hex            0%         N/A       83%         1
 Sting                    Tmut/Pois      0%         1d3       83%         1
 Poisonous Vapours        Pois/Air       0%         N/A       92%         2
 Confusing Touch          Hex            0%         N/A       99%         3
 Inner Flame              Hex/Fire       0%         N/A       99%         3
 Vampiric Draining        Necr           0%         2d6       99%         3
 Cause Fear               Hex            0%         N/A       100%        4
 Olgreb's Toxic Radiance  Pois           0%         N/A       100%        4
 Agony                    Necr           0%         N/A       100%        5
 Discord                  Hex            0%         N/A       100%        8


Dungeon Overview and Level Annotations

Branches:
Dungeon (4/15)            Ossuary (1/1)
 Temple: D:4-7

Altars:


Message History

You slash the mummy!
The mummy is severely damaged.
The mummy hits you.
You slash the mummy!
You destroy the mummy!
You start resting.
A mummy comes into view.
A mummy is nearby!
A mummy is nearby!
You start resting.
A hornet zombie comes into view.
A hornet zombie is nearby!
A hornet zombie is nearby!
The hornet zombie hits you!
* * * LOW HITPOINT WARNING * * *
The hornet zombie hits you.
* * * LOW HITPOINT WARNING * * *
You closely miss the hornet zombie.
The hornet zombie hits you but does no damage.
You closely miss the hornet zombie. The hornet zombie closely misses you.
The hornet zombie hits you!
* * * LOW HITPOINT WARNING * * *
Unknown command.
You feel better. The hornet zombie barely misses you.
You feel yourself speed up. You block the hornet zombie's attack.
You slash the hornet zombie!
The hornet zombie is moderately damaged.
The hornet zombie barely misses you. The hornet zombie hits you!
* * * LOW HITPOINT WARNING * * *
You hit the hornet zombie.
The hornet zombie is moderately damaged.
The hornet zombie hits you.
* * * LOW HITPOINT WARNING * * *
A red film seems to cover your vision as you go berserk!
You feel yourself moving faster!
You feel mighty!
The hornet zombie hits you but does no damage.
You barely miss the hornet zombie.
The hornet zombie is moderately damaged.
The hornet zombie hits you.
You die...

##### #∩..#
#.∩.# #.@.#
#'##+##Z##~#
..M....M~~.+
'#+#'#+#.~.#
# .#.# ####


You could see a mummy and a hornet zombie.

Vanquished Creatures
  2 bullfrog zombies (Ossuary)
  A killer bee zombie (Ossuary)
  2 mummies (Ossuary)
  2 adders (D:3)
  2 dart slugs
  8 orcs
  6 ball pythons
  4 endoplasms
  2 giant cockroaches (D:2)
  10 goblins
  3 hobgoblins
  13 jackals
  3 quokkas
  5 bats
  4 frilled lizards (D:2)
  3 kobolds
  6 rats
76 creatures vanquished.

Vanquished Creatures (others)
  6 withered plants (Ossuary)
6 creatures vanquished.

Grand Total: 82 creatures vanquished

Notes
Turn   | Place    | Note
-------+----------+-------------------------------------------
     0 | D:1      | retardedninja the Hill Orc Fighter began the quest for the
                  | Orb.
     0 | D:1      | Reached XP level 1. HP: 19/19 MP: 1/1
   134 | D:1      | Reached XP level 2. HP: 18/27 MP: 2/2
  1085 | D:2      | Reached XP level 3. HP: 31/33 MP: 3/3
  1694 | D:3      | Reached XP level 4. HP: 33/40 MP: 4/4
  2596 | D:4      | Found a sand-covered staircase.
  2605 | Ossuary  | Entered an ossuary
  2623 | Ossuary  | Reached XP level 5. HP: 19/47 MP: 5/5
  2675 | Ossuary  | Slain by a hornet zombie

Illustrated notes

Levels and vault maps discovered:
D:1:      eino_arrival_water_cross, layout_basic, serial_forest,
          infiniplex_forest_clump_curved, infiniplex_forest_clump_double,
          infiniplex_forest_clump_C, infiniplex_forest_straight_2,
          infiniplex_forest_end_3, infiniplex_forest_lined_room_,
          infiniplex_forest_lined_ring
D:2:      layout_loops_corners
D:3:      layout_rooms
D:4:      layout_loops_ring, lightli_ossuary_entry_decrepit_ruins,
          roderic_roman_lattice, minmay_manual_mail
Ossuary:  ossuary_zaba_flooded

Skill      XL: |  1  2  3  4 |
---------------+-------------+-----
Axes           | 3 4 |  4.5
Fighting       | 4 |  4.9
Shields        | 4 |  4.5
Armour         | 4 |  4.5

Action                   |  1- 3 |  4- 6 || total
-------------------------+-------+-------++-------
Melee: War axe           |   125 |   117 ||   242
  Use: Scroll            |       |     8 ||     8
       Potion            |       |     6 ||     6
Armor: Scale mail        |    67 |    47 ||   114
Dodge: Dodged            |    59 |    79 ||   138
Block: Buckler           |    37 |    31 ||    68

Table legend: (Time is in decaauts)
 A = Elapsed time spent in this place.
 B = Non-inter-level travel time spent in this place.
 C = Inter-level travel time spent in this place.
 D = Time resting spent in this place.
 E = Time spent auto-exploring this place.
 F = Levels seen in this place.
 G = Mean time per level.
                   A        B        C        D        E       F      G
               +--------+--------+--------+--------+--------+-----+--------+
         Total |   2761 |   2641 |    120 |    150 |   1935 |   5 |  552.2 |
       Dungeon |   2680 |   2560 |    120 |    131 |   1934 |   4 |  670.0 |
       Ossuary |     80 |     80 |      0 |     19 |      1 |   1 |   80.0 |
               +--------+--------+--------+--------+--------+-----+--------+

Top non-repeatable levels by time:
     D:3: 947 daAuts
     D:2: 931 daAuts
     D:1: 742 daAuts
 Ossuary: 80 daAuts
     D:4: 59 daAuts
